 Dungeon Crawl Stone Soup version 0.27.1-33-g824d729ab1 (webtiles) character file.

Game seed: 16070921591147078743

39888 jlumianski the Slicer (level 14, -5/88 HPs)
             Began as a Gargoyle Monk on Dec 9, 2021.
             Was a High Priest of Wu Jian.
             Shot with an arrow by a centaur warrior (13 damage)
             ... on level 14 of the Dungeon on Dec 10, 2021.
             The game lasted 01:44:06 (16433 turns).

jlumianski the Slicer (Gargoyle Monk)              Turns: 16433, Time: 01:44:07

Health: -5/88      AC: 21    Str: 24    XL:     14   Next: 8%
Magic:  23/23      EV: 19    Int: 13    God:    Wu Jian [*****.]
Gold:   1034       SH:  0    Dex: 12    Spells: 13/13 levels left

rFire    . . .     SeeInvis .   Z - +10 war axe of Doubt {vorpal, +Rage MP+9}
rCold    + + .     Faith    .   (no shield)
rNeg     + . .     Spirit   .   v - +0 troll leather armour
rPois    ∞         Reflect  .   a - +2 hat {Stlth+}
rElec    +         Harm     .   X - +0 cloak
rCorr    .         Rampage  .   k - +1 pair of gloves
Will     +....                  (no boots)
Stlth    +++++.....             (no amulet)
HPRegen  1.24/turn              D - ring of Thoughtfulness {rC++ Str+6}
MPRegen  0.18/turn              o - +4 ring of evasion

@: flying
A: sickness immunity, AC +10, big wings, negative energy resistance 1,
electricity resistance, torment resistance 1, petrification resistance
a: Renounce Religion, Evoke Berserk Rage, Wall Jump, Serpent's Lash, Heavenly
Storm


You were on level 14 of the Dungeon.
You worshipped Wu Jian.
Wu Jian was extremely pleased with you.
You visited 1 branch of the dungeon, and saw 14 of its levels.

You collected 1196 gold pieces.
You spent 162 gold pieces at shops.

Inventory:

Hand Weapons
 m - a +3 short sword of venom
 s - a +2 scimitar of freezing
 z - a +3 hand axe of flaming
 A - the +9 spear "Goblinbane" {holy, rF+ rC+}
   (You found it on level 5 of the Dungeon)

   It has been blessed by the Shining One to cause great damage to the undead
   and demons.
   rF:        It protects you from fire.
   rC:        It protects you from cold.
 B - the +10 long sword "Dalash" {vorpal, rPois rC- Str+4 Dex+2}
   (You found it on level 12 of the Dungeon)

   It inflicts extra damage upon your enemies.
   Str:       It affects your strength (+4).
   Dex:       It affects your dexterity (+2).
   rC:        It makes you vulnerable to cold.
   rPois:     It protects you from poison.
 Z - the +10 war axe of Doubt (weapon) {vorpal, +Rage MP+9}
   (You found it on level 10 of the Dungeon)

   It inflicts extra damage upon your enemies.
   MP:        It affects your magic capacity (+9).
   +Rage:     It lets you go berserk.
Missiles
 h - 9 bolts
 q - a throwing net
 u - 31 poisoned darts
 y - 19 boomerangs (quivered)
 F - 4 atropa-tipped darts
 J - 22 sling bullets
 V - 3 curare-tipped darts
Armour
 a - a +2 hat of stealth (worn)
 k - a +1 pair of gloves (worn)
 p - +0 swamp dragon scales
 v - a +0 troll leather armour (worn)
 I - +0 steam dragon scales
 L - a +0 pair of gloves
 X - a +0 cloak (worn)
Magical Staves
 M - a staff of earth
Jewellery
 c - a ring of fire
 l - an amulet of guardian spirit
 o - a +4 ring of evasion (right hand)
 w - a ring of magical power
 D - the ring of Thoughtfulness (left hand) {rC++ Str+6}
   (You found it on level 6 of the Dungeon)

   [ring of strength]

   Str:       It affects your strength (+6).
   rC:        It greatly protects you from cold.
 G - a ring of wizardry
 H - the ring "Cenytiakh" {rC+ Str+4}
   (You found it on level 13 of the Dungeon)

   [ring of protection from cold]

   Str:       It affects your strength (+4).
   rC:        It protects you from cold.
Wands
 f - a wand of iceblast (6)
 r - a wand of digging (13)
 x - a wand of acid (22)
 C - a wand of mindburst (18)
 S - a wand of flame (36)
Scrolls
 b - 2 scrolls of identify
 i - 5 scrolls of enchant weapon
 n - 7 scrolls of amnesia
 K - 3 scrolls of noise
 P - 3 scrolls of magic mapping
 U - a scroll of silence
 Y - 3 scrolls of teleportation
Potions
 d - 6 potions of haste
 e - a potion of berserk rage
 g - 3 potions of flight
 j - 3 potions of curing
 t - 2 potions of might
 E - 2 potions of ambrosia
 N - a potion of lignification
 O - a potion of attraction


   Skills:
 + Level 10.5 Fighting
 + Level 10.5 Short Blades
 + Level 10.3 Axes
 - Level 1.4 Throwing
 + Level 6.9 Armour
 + Level 8.6 Dodging
 + Level 9.7 Stealth
 + Level 6.9 Evocations


You had 13 spell levels left.
You didn't know any spells.
Your spell library contained the following spells:

 Spells                   Type           Power      Damage    Failure   Level
 Corpse Rot               Necr/Air       N/A        N/A       45%         2
 Conjure Flame            Conj/Fire      0%         6-21      71%         3
 Dazzling Flash           Conj/Hex       0%         N/A       71%         3
 Ignite Poison            Fire/Tmut/Pois 0%         N/A       71%         3
 Dispel Undead            Necr           0%         3d6       98%         4
 Olgreb's Toxic Radiance  Pois           0%         N/A       98%         4
 Sticky Flame             Conj/Fire      0%         2d3       98%         4
 Agony                    Necr           0%         N/A       100%        5
 Blade Hands              Tmut           0%         N/A       100%        5
 Irradiate                Conj/Tmut      0%         3d14      100%        5
 Silence                  Hex/Air        0%         N/A       100%        5
 Death Channel            Necr           0%         N/A       100%        6
 Dragon Form              Tmut           0%         N/A       100%        7
 Ozocubu's Refrigeration  Ice            0%         4d5       100%        7
 Ignition                 Fire           0%         3d3       100%        8


Dungeon Overview and Level Annotations

Branches:
Dungeon (14/15)            Temple (0/1) D:6            Lair (0/6) D:11
    Orc (0/2) D:10         Vaults (0/5) D:13

Altars:
Dithmenos
Elyvilon
Gozag
Ru
Uskayaw
Vehumet
Wu Jian
Beogh

Shops:
D:4 !   D:6 [   D:12 [


Innate Abilities, Weirdness & Mutations

You are immune to sickness and miasma.
Your stone body is resilient. (AC +10)
You are immune to poison.
Your large and strong wings let you fly.
You resist negative energy. (rN+)
You are resistant to electric shocks. (rElec)
You are resistant to unholy torment.
You are immune to petrification.


Message History

The centaur warrior hits you but does no damage.
The centaur warrior kicks you but does no damage.
The centaur warrior hits you!
* * * LOW HITPOINT WARNING * * *
The centaur warrior kicks you but does no damage.
The centaur warrior hits you but does no damage.
The centaur warrior kicks you but does no damage.
Okay, then.
Unknown command.
You feel better.
The centaur warrior hits you but does no damage.
The centaur warrior kicks you but does no damage.
The centaur warrior barely misses you.
The centaur warrior kicks you but does no damage.
You spin and attack the centaur warrior.
You slash the centaur warrior!
The centaur warrior is almost dead.
The centaur warrior hits you but does no damage.
The centaur warrior completely misses you.
The centaur warrior hits you but does no damage.
The centaur warrior kicks you but does no damage.
The centaur warrior wields a +0 shortbow.
The centaur warrior shoots an arrow.
The arrow closely misses you.
The centaur warrior wields a +0 longbow.
The centaur warrior shoots an arrow.
The arrow hits you.
* * * LOW HITPOINT WARNING * * *
You see here a +1 scimitar of flaming.
The centaur warrior shoots an arrow.
The arrow hits you but does no damage.
The centaur warrior shoots an arrow.
The arrow completely misses you.
The centaur warrior shoots an arrow.
The arrow hits you!
* * * LOW HITPOINT WARNING * * *
The centaur warrior shoots an arrow.
The arrow hits you but does no damage.
The centaur warrior shoots an arrow.
The arrow hits you but does no damage.
The centaur warrior shoots an arrow.
The arrow misses you.
The centaur warrior shoots an arrow.
The arrow hits you.
* * * LOW HITPOINT WARNING * * *
There is a stone staircase leading up here.
The centaur warrior shoots an arrow.
The arrow closely misses you.
The centaur warrior shoots an arrow.
The arrow hits you!
You die...

'#'#'#'##...#.#......#####...###.
..(.....##..#.#......# #...# #.
###########..........#####...# #.
###########..................# #.
........'...c..#####........## ##
##...######....# #.(......# #
.#.8.#.####.cc.#####Q########
.#...#.##......#...#.#
.#####.......)..@#.#.#
...............#.#QQ.#
.#####.#####.(.#.#####
.#.(.#.#...#.#.#.#
.#†..#.#...#.#.#.#
.'...'.'.).#...#.#
################.#
....)............#
##################


You could see 2 centaur warriors.

Vanquished Creatures
  Gastronok (D:11)
  The ghost of OceanMan the Blocker, a journeyman MiFi of Trog (D:13)
  4 vault guards
  A boulder beetle (D:12)
  A rakshasa (D:13)
  7 hydras
  2 two-headed ogres
  4 centaur warriors (D:14)
  2 death knights
  A catoblepas (D:14)
  3 tengu warriors
  Pikel (D:7)
  A deep elf pyromancer (D:13)
  5 cyclopes
  A manticore (D:14)
  Maurice (D:8)
  A black mamba (shapeshifter) (D:14)
  2 centaur zombies
  2 gargoyles
  A komodo dragon (D:12)
  Maggie (D:6)
  An efreet (D:14)
  A tengu conjurer (D:13)
  5 trolls
  A hornet (D:8)
  Prince Ribbit (D:6)
  A meliai zombie (D:11)
  15 slime creatures
  3 water elementals
  2 vampires
  A tarantella (shapeshifter) (D:14)
  3 shadows
  3 wraiths
  A steam dragon (D:6)
  6 yaks
  4 vampire mosquitoes (D:12)
  2 acid dragons
  A water moccasin (D:5)
  A sky beast (D:8)
  2 black bears
  2 ice beasts
  19 orc warriors
  2 necrophages
  4 ogres
  A boggart (D:14)
  3 wolves
  A lemure (D:7)
  A phantom (D:6)
  4 centaurs
  A kobold brigand (D:9)
  A water moccasin zombie (D:6)
  A wyvern skeleton (D:7)
  18 killer bees
  3 wights
  11 electric eels
  8 howler monkeys
  3 hounds
  A centaur skeleton (D:6)
  14 orc priests
  4 iguanas
  9 orc wizards
  A killer bee zombie (D:8)
  A howler monkey skeleton (D:7)
  7 gnolls
  5 adders
  2 shadow imps
  An adder skeleton (D:4)
  3 worms
  2 dart slugs
  77 orcs
  6 ball pythons
  13 endoplasms
  A giant cockroach (D:1)
  4 goblins
  12 hobgoblins
  8 jackals
  6 quokkas
  7 bats
  2 frilled lizards
  9 kobolds
  7 rats
382 creatures vanquished.

Vanquished Creatures (others)
  2 orcs (D:10)
  44 plants
46 creatures vanquished.

Grand Total: 428 creatures vanquished

Notes
Turn   | Place    | Note
-------+----------+-------------------------------------------
     0 | D:1      | jlumianski the Gargoyle Monk began the quest for the Orb.
     0 | D:1      | Reached XP level 1. HP: 14/14 MP: 1/1
   722 | D:2      | Reached XP level 2. HP: 6/19 MP: 2/2
  1033 | D:2      | Reached XP level 3. HP: 12/24 MP: 3/3
  2258 | D:2      | Reached XP level 4. HP: 19/29 MP: 4/4
  2419 | D:2      | Found a faded altar of an unknown god.
  2419 | D:2      | Noticed a hell beast
  2619 | D:2      | Found a radiant altar of Vehumet.
  2699 | D:4      | Noticed a necrophage
  2802 | D:2      | Killed a necrophage
  2803 | D:2      | Reached skill level 1 in Short Blades
  2803 | D:2      | Reached XP level 5. HP: 11/33 MP: 5/5
  3189 | D:3      | Noticed a black bear
  3220 | D:3      | Killed a black bear
  3221 | D:3      | Reached skill level 1 in Armour
  3221 | D:3      | Reached XP level 6. HP: 23/38 MP: 6/6
  4206 | D:3      | Reached skill level 1 in Throwing
  4338 | D:4      | Found Ihull's Distillery.
  4376 | D:4      | Bought a potion of heal wounds for 60 gold pieces
  4420 | D:5      | Entered Level 5 of the Dungeon
  5149 | D:4      | Reached XP level 7. HP: 32/43 MP: 7/7
  5164 | D:4      | Noticed a yak
  5421 | D:4      | Killed a yak
  5618 | D:4      | Found an ornate altar of the Wu Jian Council.
  5623 | D:4      | Became a worshipper of the Wu Jian Council
  5623 | D:4      | Reached * piety under Wu Jian
  5623 | D:4      | Reached ** piety under Wu Jian
  5633 | D:4      | Found a sacrificial altar of Ru.
  5889 | D:5      | Reached XP level 8. HP: 47/48 MP: 8/8
  5984 | D:5      | Found an opulent altar of Gozag.
  5997 | D:5      | Found a white marble altar of Elyvilon.
  5999 | D:5      | Found a shadowy altar of Dithmenos.
  6000 | D:5      | Found a hide-covered altar of Uskayaw.
  6070 | D:5      | Identified the +9 spear "Goblinbane" {holy, rF+ rC+}
  6139 | D:5      | Noticed a troll
  6580 | D:6      | Found a staircase to the Ecumenical Temple.
  6624 | D:6      | Reached skill level 5 in Short Blades
  6662 | D:6      | Noticed Prince Ribbit
  6675 | D:6      | Reached skill level 5 in Fighting
  6677 | D:6      | Killed Prince Ribbit
  6678 | D:6      | Reached skill level 5 in Stealth
  6684 | D:6      | Identified the ring of Thoughtfulness {rC++ Str+6}
  6820 | D:5      | Reached XP level 9. HP: 54/54 MP: 9/9
  6978 | D:6      | Noticed Maggie
  6986 | D:6      | Killed Maggie
  7025 | D:6      | Found Eseneroer's Antique Armour Shop.
  7034 | D:6      | Bought a thick robe for 102 gold pieces
  7034 | D:6      | Identified the +1 robe of Fashionability {rElec rC+ Str-3
                  | Int+4} (You bought it in a shop on level 6 of the Dungeon)
  7964 | D:7      | Reached *** piety under Wu Jian
  8066 | D:7      | Identified the +1 scale mail "Lupueji" {+Inv rElec}
  8082 | D:7      | Noticed Pikel
  8104 | D:7      | Killed Pikel
  8105 | D:7      | Reached skill level 5 in Dodging
  8478 | D:8      | Noticed a hornet
  8480 | D:8      | Killed a hornet
  8481 | D:8      | Reached XP level 10. HP: 60/60 MP: 10/10
  8660 | D:8      | Reached skill level 1 in Evocations
  8841 | D:8      | Reached skill level 5 in Armour
  9791 | D:9      | Noticed Maurice
  9843 | D:8      | Killed Maurice
 10141 | D:9      | Reached **** piety under Wu Jian
 10401 | D:9      | Reached XP level 11. HP: 67/67 MP: 11/11
 10585 | D:10     | Entered Level 10 of the Dungeon
 10732 | D:10     | Noticed a cyclops
 10736 | D:10     | Killed a cyclops
 11325 | D:10     | Identified the +10 war axe of Doubt {vorpal, +Rage MP+9}
 11453 | D:10     | Found a staircase to the Orcish Mines.
 11716 | D:11     | Noticed a five-headed hydra
 11729 | D:10     | Killed a five-headed hydra
 11759 | D:11     | Noticed a death knight
 11854 | D:10     | Killed a death knight
 11901 | D:11     | Found a staircase to the Lair.
 11985 | D:11     | Noticed Gastronok
 12033 | D:11     | Killed Gastronok
 12324 | D:11     | Reached skill level 10 in Short Blades
 12378 | D:11     | Reached skill level 5 in Evocations
 12378 | D:11     | Reached XP level 12. HP: 58/75 MP: 12/12
 12492 | D:12     | Noticed a two-headed ogre
 12494 | D:12     | Killed a two-headed ogre
 12600 | D:12     | Reached skill level 5 in Axes
 12659 | D:12     | Noticed a six-headed hydra
 12663 | D:12     | Killed a six-headed hydra
 12689 | D:12     | Noticed a five-headed hydra
 12695 | D:12     | Killed a five-headed hydra
 12723 | D:12     | Found Kesu's Antique Armour Emporium.
 12817 | D:12     | Reached ***** piety under Wu Jian
 12861 | D:12     | Identified the +10 long sword "Dalash" {vorpal, rPois rC-
                  | Str+4 Dex+2}
 12892 | D:12     | Noticed a boulder beetle
 12899 | D:12     | Killed a boulder beetle
 13417 | D:13     | Noticed a two-headed ogre
 13419 | D:13     | Killed a two-headed ogre
 13422 | D:13     | Noticed a tengu warrior
 13439 | D:13     | Killed a tengu warrior
 14016 | D:13     | Found a runed translucent gate.
 14016 | D:13     | Found a runed translucent gate.
 14017 | D:13     | Found a runed translucent gate.
 14017 | D:13     | Noticed a ten-headed hydra
 14018 | D:13     | Noticed OceanMan's ghost (journeyman MiFi)
 14055 | D:13     | Killed OceanMan's ghost
 14056 | D:13     | Reached XP level 13. HP: 55/80 MP: 13/13
 14141 | D:13     | Identified the ring "Cenytiakh" {rC+ Str+4}
 14210 | D:13     | Found a gate to the Vaults.
 14210 | D:13     | Noticed a vault guard
 14210 | D:13     | Noticed a vault guard
 14210 | D:13     | Noticed a vault guard
 14210 | D:13     | Noticed a vault guard
 14210 | D:13     | Noticed a rakshasa
 14260 | D:12     | Killed a vault guard
 14472 | D:13     | Killed a rakshasa
 14846 | D:13     | Killed a vault guard
 14868 | D:13     | Killed a vault guard
 14899 | D:13     | Killed a vault guard
 15140 | D:13     | Reached skill level 10 in Fighting
 16053 | D:14     | Gained mutation: Your large and strong wings let you fly.
                  | [Gargoyle growth]
 16053 | D:14     | Reached XP level 14. HP: 80/88 MP: 14/14
 16180 | D:14     | Reached skill level 10 in Axes
 16433 | D:14     | Shot with an arrow by a centaur warrior

Illustrated notes

Levels and vault maps discovered:
D:1:      minmay_arrival_shattered_statue, layout_loops_corners
D:2:      layout_loops_corners, dreamdust_ecumenical_altar_sealed_demon,
          basic_altar, hangedman_abyss_or_decor_lesser_grid,
          kennysheep_generic_room_9
D:3:      layout_basic
D:4:      minmay_chambers_of_fours, layout_rooms,
          amethyst_overflow_temple_binary, serial_shops,
          nicolae_shop_waterfront, grunt_ministairs_11, grunt_decor_junction
D:5:      layout_loops_ring, minitemple, dk_noncrumbling_4,
          lightli_corner_chamber
D:6:      layout_basic, temple_pool_b, serial_shops, shop_fountains,
          roderic_malta_cross, uniq_prince_ribbit1, uniq_maggie
D:7:      layout_loops_corners, uniq_pikel
D:8:      layout_loops_ring, serial_bayou, serial_bayou_pond_c,
          serial_bayou_ford_a, serial_bayou_shore_a, serial_bayou_lagoon_a,
          serial_bayou_shore_b, minmay_curled_crystal
D:9:      layout_irregular_city, uniq_maurice
D:10:     layout_basic, david_orc_5
D:11:     layout_roguey, erik_lair_island, uniq_gastronok
D:12:     minmay_evil_eye, layout_basic, serial_shops, nicolae_shop_stone
D:13:     layout_roguey [special_room_orc], lightli_vaults_fourway_checkpoint,
          gammafunk_ghost_hydra_chop
D:14:     wad_statue_garden, layout_basic, special_room [special_room_orc],
          serial_bayou_pond_a

Skill      XL: |  1  2  3  4  5  6  7  8  9 10 11 12 13 14 |
---------------+-------------------------------------------+-----
Axes           | 3 4 6 9 10 | 10.3
Fighting       | 4 5 6 7 8 9 10 | 10.5
Short Blades   | 1 2 4 6 7 9 10 | 10.5
Dodging        | 3 4 5 6 7 8 |  8.6
Stealth        | 3 4 5 7 8 9 |  9.7
Armour         | 1 2 3 4 5 6 |  6.9
Throwing       | 1 |  1.4
Evocations     | 3 5 6 |  6.9

Action                   |  1- 3 |  4- 6 |  7- 9 | 10-12 | 13-15 || total
-------------------------+-------+-------+-------+-------+-------++-------
Melee: Hand axe          |   108 |       |       |       |    24 ||   132
       Short sword       |    13 |   154 |   294 |   666 |    31 ||  1158
       War axe           |       |       |       |   149 |   270 ||   419
       Spear             |       |       |       |     1 |       ||     1
Throw: Stone             |    10 |    13 |     2 |     1 |       ||    26
       Boomerang         |       |       |       |     8 |     6 ||    14
Invok: Lunge             |       |       |    34 |    59 |    32 ||   125
       Whirlwind         |       |       |     7 |    43 |    24 ||    74
       Serpent's Lash    |       |       |       |     2 |     1 ||     3
       Heavenly Storm    |       |       |       |       |     1 ||     1
 Abil: Wall Jump         |       |       |    12 |    55 |    23 ||    90
Evoke: Wand              |       |       |       |     5 |     2 ||     7
  Use: Scroll            |       |     6 |     7 |     4 |       ||    17
       Potion            |       |     1 |     3 |     2 |     3 ||     9
 Stab: Sleeping          |     4 |     4 |    16 |    13 |     9 ||    46
       Distracted        |       |       |       |     1 |       ||     1
Armor: Robe              |    36 |     8 |       |       |       ||    44
       Ring mail         |       |    65 |    13 |       |       ||    78
       Troll leather arm |       |       |    77 |   287 |   186 ||   550
Dodge: Dodged            |    69 |    94 |   122 |   486 |   309 ||  1080
